 Dungeon Crawl Stone Soup version 0.18.1-50-g88ac8fd (webtiles) character file.

101039 Amnesiac the Protected (level 15, 0/85 HPs)
             Began as a Vine Stalker Fighter on Mar 11, 2018.
             Was the Champion of Jiyva.
             Killed from afar by an Ice Fiend (11 damage)
             ... with a bolt of cold
             ... summoned by a deep elf demonologist
             ... on level 3 of the Elven Halls.
             The game lasted 01:11:41 (17336 turns).

Amnesiac the Protected (Vine Stalker Fighter)      Turns: 17336, Time: 01:11:42

Health: 0/85       AC: 30    Str: 31    XL:     15   Next: 92%
Magic:  0/23       EV:  6    Int:  9    God:    Jiyva [******]
Gold:   1270       SH: 21    Dex:  7    Spells: 3 memorised, 10 levels left

rFire  . . .     SeeInvis .     a - +0 short sword (speed)
rCold  + . .     Gourm    .     C - +1 crystal plate armour
rNeg   . . .     Faith    .     q - +0 large shield
rPois  .         Spirit   +     (helmet restricted)
rElec  +         Dismiss  .     o - +0 cloak
rCorr  +         Reflect  +     E - +0 pair of gloves
SustAt .         Harm     .     (boots unavailable)
MR     +....                    h - +2 amulet of reflection
Stlth  ..........               (no ring)
                                k - ring of protection from cold

@: lethally poisoned (0 -> 0), somewhat resistant to hostile enchantments,
extremely unstealthy
A: fangs 3, horns 1, talons 3, repulsion field 1, slimy green scales 1,
deterioration 1, regeneration 3, electricity resistance, eyeballs 2, gelatinous
body 1, jelly sensing items, magic shield, antimagic bite, no device heal 3, rot
immunity
a: Request Jelly, Jelly Paralyse, Slimify, Cure Bad Mutation, Renounce Religion
}: 1/15 runes: slimy


You were on level 3 of the Elven Halls.
You worshipped Jiyva.
Jiyva was exalted by your worship.
You were very full.

You visited 6 branches of the dungeon, and saw 30 of its levels.

You collected 1682 gold pieces.
You spent 412 gold pieces at shops.

Inventory:

Hand Weapons
 a - a +0 short sword of speed (weapon)
 z - a +1 blowgun
 G - the +10 sword of Jihad {holy, *Rage rN+ EV+3 Stlth-}
   (You found it on level 8 of the Lair of Beasts)

   It has been blessed by the Shining One to cause great damage to the undead
   and demons.
   It affects your evasion (+3).
   It protects you from negative energy.
   It may make you go berserk in combat.
   It makes you less stealthy.
Missiles
 c - a throwing net (quivered)
 J - 11 curare-tipped needles
Armour
 o - a +0 cloak (worn)
 q - a +0 large shield (worn)
 r - a +1 pair of boots
 C - a +1 crystal plate armour (worn)
 E - a +0 pair of gloves (worn)
Rods
 b - a +2 rod of inaccuracy (12/12)
   (You acquired it on level 5 of the Lair of Beasts)
Jewellery
 h - a +2 amulet of reflection (around neck)
 k - a ring of protection from cold (left hand)
 y - an uncursed ring of protection from fire
 L - the ring "Epipargh" {Fire -Tele Int+4 Dex+8}
   (You found it on level 6 of the Pits of Slime)

   [ring of fire]

   It enhances your fire magic, and weakens your ice magic.
   It affects your intelligence (+4).
   It affects your dexterity (+8).
   It protects you from fire.
   It makes you vulnerable to cold.
   It prevents most forms of teleportation.
Wands
 u - a wand of iceblast (9/15)
Scrolls
 l - a scroll of brand weapon {!r}
 p - 3 scrolls of fog {!r}
 v - a scroll of holy word {!r}
 B - 2 scrolls of enchant weapon {!r}
 F - 3 scrolls of identify {!r}
 H - 5 scrolls of remove curse {!r}
 K - a scroll of blinking {!r}
Potions
 d - a potion of might {!q}
 e - 3 potions of cancellation {!q}
 j - a potion of haste {!q}
 n - 10 potions of curing {!q}
 s - 2 potions of flight {!q}
Books
 x - a book of Burglary

   Spells                             Type                      Level
   a - Swiftness                      Charms/Air                   2
   b - Passwall                       Transmutation/Earth          2
   c - Passage of Golubria            Translocation                4
   d - Lee's Rapid Deconstruction     Earth                        5
   e - Darkness                       Hexes                        6
   f - Invisibility                   Hexes                        6
Miscellaneous
 I - a disc of storms
Comestibles
 f - 11 bread rations
 g - 5 meat rations
 i - 3 chunks of flesh
 m - 11 fruits
 t - a slice of pizza


   Skills:
 + Level 12.8 Fighting
 - Level 8.1 Short Blades
 - Level 14.1 Armour
 - Level 10.7 Shields
 - Level 10.0 Evocations


You had 10 spell levels left.
You knew the following spells:

 Your Spells              Type           Power        Failure   Level  Hunger
a - Apportation           Tloc           #.........   100%        1    ##.....
b - Passwall              Trmt/Erth      #.........   100%        2    ###....
c - Summon Butterflies    Summ           #.......     100%        1    ##.....


Dungeon Overview and Level Annotations

Branches:
Dungeon (10/15)            Temple (1/1) D:7            Lair (8/8) D:8
  Swamp (0/4) Lair:6        Snake (0/4) Lair:6        Slime (6/6) Lair:8
    Orc (2/2) D:10            Elf (3/3) Orc:2

Altars:
Ashenzari
Cheibriados
Dithmenos
Elyvilon
Fedhas
Gozag
Kikubaaqudgha
Makhleb
Nemelex Xobeh
Okawaru
Pakellas
Qazlal
Ru
Sif Muna
Trog
Vehumet
Xom
Yredelemnul
Zin
The Shining One
Jiyva

Shops:
D:4 *=}?!   Orc:2 (([(   Elf:1 ?   Elf:2 }

Portals:
Trove: Elf:2 (give 8 potions of agility)

Annotations:
D:9 1 runed door
Slime:6 Royal Jelly


Innate Abilities, Weirdness & Mutations

You have razor-sharp teeth.
You regenerate.
When hurt, damage is shared between your health and your magic reserves.
Your bite disrupts and absorbs the magic of your enemies.
Potions and wands cannot restore your health.
You are immune to rotting.
You have a pair of small horns on your head.
You have claws for feet.
You are surrounded by a mild repulsion field (EV +2).
You are partially covered in slimy green scales (AC +2).
Your body sometimes deteriorates upon taking damage.
You are resistant to electric shocks.
Your body is mostly covered in golden eyeballs (Acc +5).
Your rubbery body absorbs attacks (AC +1).
You have a small jelly attached to you that senses nearby items.


Message History

You hear rumbling.
The deep elf demonologist casts a spell.
You block the earth elemental's attack.
A deep elf knight comes into view.
Things that are here:
a long sword; a chain mail; an elf corpse You puncture the deep elf demonologist!
The deep elf demonologist is lightly wounded.
The deep elf annihilator casts a spell at you.
The crystal spear hits your death ooze.
Your death ooze is destroyed!
You block the ufetubus's attack.
The ufetubus hits you but does no damage.
You miss the deep elf demonologist.
You headbutt the deep elf demonologist, but do no damage.
You bite the deep elf demonologist, but do no damage.
The deep elf demonologist is lightly wounded.
You feel sick.
The deep elf demonologist hits you but does no damage.
The ynoxinul gestures at you.
The iron shot reflects off an invisible shield around you!
The iron shot hits the ynoxinul.
You kill the ynoxinul!
You hit the deep elf demonologist but do no damage.
You bite the deep elf demonologist!
The deep elf demonologist's magic leaks into the air.
You drain its magic.
You feel invigorated.
The deep elf demonologist is moderately wounded.
You feel sick.
The ufetubus disappears in a puff of smoke! x2
Something hits you but does no damage.
The eyeballs on your body gaze at something.
You block the earth elemental's attack.
The deep elf high priest invokes the aid of its god against you.
Something smites you!
* * * LOW HITPOINT WARNING * * *
You hit something. You claw something. You headbutt something.
You bite something! You drain its magic.
You feel invigorated.
The deep elf demonologist mumbles some strange words.
You block the Ice Fiend's attack. x2
You feel sick.
Something hits the sixfirhy.
The deep elf death mage beckons forth a restless soul!
Something hits you but does no damage.
Found a leather armour.
You hit something. You claw something. You headbutt something.
You feel sick. The deep elf mage casts a spell at you.
The lance of force hits you!
* * * LOW HITPOINT WARNING * * *
You are knocked back by the lance of force.
You slam into the rock wall!
The deep elf knight casts a spell.
The deep elf knight flickers and vanishes!
The battlesphere fires!
Read which item? (? for menu, Esc to quit)
Okay, then.
You feel sick.
The deep elf annihilator casts a spell.
The deep elf annihilator blinks!
The Ice Fiend gestures at you.
The bolt of cold hits the crawling corpse.
The crawling corpse resists.
The crawling corpse is destroyed!
The bolt of cold hits you! You resist.
You die...

#########################
........@................
........4.4..............
.....*...e1...........(()
.......*§Ee.........<(.((
.........e.ex.....)......
.........ee§e..≈...)(....
........{≈E..e≈....(.....
.................(.(.....
[.≈.....................


You could see a deep elf blademaster, an Ice Fiend, a deep elf annihilator, a
deep elf death mage, a deep elf demonologist, 2 deep elf archers, a deep elf
high priest, 2 earth elementals, a hellwing, a deep elf mage, a sixfirhy, a lost
soul, a battlesphere and a crawling corpse.

Vanquished Creatures
  Kirke (Lair:8)
  A deep elf sorcerer (Elf:3)
  A deep elf annihilator (Elf:3)
  A deep elf high priest (Elf:1)
  Harold (Orc:1)
  2 hydras (Lair:7)
  Erolcha (Orc:1)
  17 dancing weapons
  5 orc high priests
  6 death yaks
  The ghost of Amnesiac the Slicer, a journeyman VSFi of Pakellas (Orc:2)
  Nergalle (Orc:1)
  11 deep elf knights
  A fire crab (Lair:8)
  6 deep elf archers
  4 orc knights
  37 deep elf magi
  A griffon (Lair:7)
  4 orc sorcerers
  A manticore (shapeshifter) (Elf:2)
  5 elephants (Lair:8)
  4 black mambas
  A torpor snail (Lair:7)
  11 spiny frogs
  An ice statue (D:8)
  A rime drake (Lair:5)
  2 komodo dragons
  5 trolls
  A giant leech (Lair:8)
  A two-headed ogre (Orc:1)
  A two-headed ogre (shapeshifter) (Elf:2)
  24 blink frogs
  A slime creature (shapeshifter) (Elf:2)
  A spriggan (D:7)
  10 yaks (Lair:8)
  3 hogs (Lair:8)
  2 basilisks
  A fire elemental (Elf:2)
  A hippogriff (shapeshifter) (Elf:1)
  6 vampire mosquitoes (Lair:8)
  2 hippogriffs
  Menkaure (D:4)
  11 water moccasins
  6 wargs
  5 porcupines
  Duvessa (D:5)
  23 orc warriors
  4 phantoms
  4 sky beasts
  A necrophage (D:9)
  2 ice beasts
  8 ogres
  A black bear (D:8)
  5 centaurs
  7 wolves
  9 crocodiles
  3 big kobolds
  2 earth elementals (Elf:1)
  28 giant frogs
  Dowan (D:5)
  2 wyvern zombies
  4 gnoll sergeants
  6 scorpions
  19 killer bees
  The ghost of Amnesiac the Cutter, a weakling MfFi (D:4)
  7 wights
  5 electric eels
  A howler monkey (D:4)
  4 crimson imps
  2 giant frog zombies
  A centaur zombie (D:6)
  13 orc priests
  2 centaur skeletons (D:8)
  A giant frog skeleton (D:5)
  3 hounds
  21 orc wizards
  5 iguanas
  6 worker ants
  A hound zombie (D:5)
  11 gnolls
  2 howler monkey skeletons
  7 adders
  56 river rats
  4 shadow imps
  An ooze (D:2)
  An adder skeleton (D:4)
  3 dart slugs
  3 giant geckos
  73 orcs
  6 giant cockroaches
  A goblin (D:1)
  6 hobgoblins
  7 jackals
  3 quokkas (D:4)
  6 sheep
  6 bats
  A giant gecko zombie (D:4)
  3 giant newts
  8 kobolds
  A quokka skeleton (D:4)
  2 rats (D:1)
  5 fungi
  3 plants
632 creatures vanquished.

Vanquished Creatures (collateral kills)
  A deep elf death mage (Elf:3)
  A dancing weapon (Elf:1)
  2 deep elf knights (Elf:2)
  An orc knight (Orc:2)
  An orc sorcerer (Orc:2)
  3 deep elf magi (Elf:1)
9 creatures vanquished.

Vanquished Creatures (others)
  An acid blob (Slime:6)
  An azure jelly (Elf:2)
  A deep elf sorcerer (Elf:2)
  A death ooze (Lair:8)
  3 great orbs of eyes
  4 dancing weapons (Elf:2)
  A death yak (Lair:8)
  A deep elf knight (Elf:2)
  2 deep elf archers (Elf:2)
  11 deep elf magi
  A shining eye (Slime:6)
  A spiny frog (Lair:8)
  A rime drake (Lair:7)
  12 slime creatures
  A blink frog (Lair:8)
  A human (Lair:8)
  A hippogriff (D:10)
  A yak (Lair:8)
  6 golden eyes
  A basilisk (Lair:8)
  A vampire mosquito (Lair:8)
  An ice beast (D:7)
  A wasp (D:2)
  A sky beast (D:9)
  A crocodile (Lair:8)
  A big kobold (D:10)
  4 giant frogs
  A killer bee (D:7)
  A scorpion (D:7)
  72 jellies
  A crimson imp (D:9)
  A giant frog zombie (D:8)
  A hound (D:10)
  3 orc wizards
  An orc priest (Orc:2)
  4 sheep (Lair:8)
  2 gnolls (D:10)
  A river rat (Lair:5)
  3 oozes (Lair:8)
  A giant gecko (D:8)
  14 orcs
  A giant cockroach (D:3)
  A hobgoblin (D:1)
  3 jackals
  A kobold (D:3)
  A quokka (D:10)
  A crawling corpse (Elf:3)
  19 fungi
  30 plants
225 creatures vanquished.

Grand Total: 866 creatures vanquished

Notes
Turn   | Place    | Note
--------------------------------------------------------------
     0 | D:1      | Amnesiac the Vine Stalker Fighter began the quest for the Orb.
     0 | D:1      | Reached XP level 1. HP: 11/11 MP: 2/2
   205 | D:2      | Reached XP level 2. HP: 16/16 MP: 3/3
   276 | D:2      | Reached XP level 3. HP: 14/19 MP: 4/4
   359 | D:2      | Found a radiant altar of Vehumet.
   371 | D:2      | Found a glowing golden altar of the Shining One.
   371 | D:2      | Found a bloodstained altar of Trog.
   373 | D:2      | Found a shadowy altar of Dithmenos.
   373 | D:2      | Found a glowing silver altar of Zin.
   518 | D:3      | Found a shadowy altar of Dithmenos.
   567 | D:3      | Reached XP level 4. HP: 23/23 MP: 5/5
   629 | D:4      | Found a stormy altar of Qazlal.
   635 | D:4      | Found Deojytz's Gadget Emporium.
   670 | D:4      | Noticed Menkaure
   737 | D:4      | Found Syarrot's Assorted Antiques.
   747 | D:4      | Noticed Amnesiac's ghost (weakling MfFi)
   749 | D:4      | Bought a fuming blue potion for 18 gold pieces
   770 | D:4      | Killed Amnesiac's ghost
   770 | D:4      | Reached XP level 5. HP: 12/27 MP: 6/6
   902 | D:4      | Found Zitott's Distillery.
   925 | D:4      | Killed Menkaure
   925 | D:4      | Reached skill level 5 in Short Blades
   925 | D:4      | Gained mutation: You heal very quickly. [Vine Stalker growth]
   925 | D:4      | Reached XP level 6. HP: 10/32 MP: 7/7
  1042 | D:4      | Found Becw's Jewellery Shoppe.
  1060 | D:4      | Got an ichor-stained ring mail
  1072 | D:4      | Identified the +3 ring mail of Autumn {rElec Int+6 Stlth+} (You found it on level 4 of the Dungeon)
  1106 | D:3      | Found an ancient bone altar of Kikubaaqudgha.
  1127 | D:4      | Noticed a sky beast
  1143 | D:4      | Killed a sky beast
  1209 | D:4      | Found Waecajepn's Magic Scroll Emporium.
  1393 | D:5      | Entered Level 5 of the Dungeon
  1464 | D:5      | Reached XP level 7. HP: 35/35 MP: 8/8
  1698 | D:5      | Found a shimmering altar of Xom.
  1826 | D:5      | Noticed Duvessa
  1828 | D:5      | Noticed Dowan
  1834 | D:5      | Killed Duvessa
  1843 | D:5      | Killed Dowan
  1843 | D:5      | Reached skill level 1 in Evocations
  1843 | D:5      | Gained mutation: You have razor-sharp teeth. [Vine Stalker growth]
  1843 | D:5      | Reached XP level 8. HP: 39/39 MP: 8/10
  2558 | D:6      | Reached skill level 5 in Evocations
  2875 | D:7      | Found a staircase to the Ecumenical Temple.
  2900 | D:7      | Reached XP level 9. HP: 43/43 MP: 14/14
  3006 | Temple   | Entered the Ecumenical Temple
  3051 | Temple   | Became a worshipper of Jiyva Joraujel the Shapeless
  3234 | D:2      | Found a snail-covered altar of Cheibriados.
  3767 | D:2      | Reached * piety under Jiyva
  3789 | D:2      | Found an oddly glowing altar of Pakellas.
  3789 | D:2      | Noticed an orange crystal statue
  4507 | D:4      | Bought a pair of faintly humming gloves for 190 gold pieces
  4517 | D:4      | Identified the -7 pair of gloves of Divine Compulsion {+Fly Int-3 Dex+4 SInv} (You bought it in a shop on level 4 of the Dungeon)
  4706 | D:7      | Found a shimmering altar of Xom.
  4706 | D:7      | Found a burning altar of Makhleb.
  4861 | D:7      | Reached ** piety under Jiyva
  5042 | D:7      | Gained mutation: You possess an exceptional clarity of mind. [mutagenic meat]
  5043 | D:7      | Gained mutation: Your mind is acute. (Int +2) [mutagenic meat]
  5044 | D:7      | Gained mutation: You have sharp fingernails. [mutagenic meat]
  5045 | D:7      | Gained mutation: You have a pair of small horns on your head. [mutagenic meat]
  5046 | D:7      | Lost mutation: Your mind is acute. (Int +2) [mutagenic meat]
  5047 | D:7      | Gained mutation: Your magical capacity is low (-10% MP). [mutagenic meat]
  5118 | D:7      | Got a distressingly furry ring mail
  5129 | D:7      | Identified the cursed +0 ring mail "Wibejuomn" {rCorr Str-4 Int+5} (You found it on level 7 of the Dungeon)
  5416 | D:7      | Reached *** piety under Jiyva
  5503 | D:8      | Found a staircase to the Lair.
  5736 | D:7      | Gained mutation: Your mind is acute. (Int +2) [Jiyva's grace]
  5858 | D:8      | Reached XP level 10. HP: 34/47 MP: 16/16
  5879 | D:8      | Reached skill level 10 in Evocations
  5952 | D:8      | Reached skill level 3 in Armour
  6027 | D:8      | Reached skill level 4 in Armour
  6042 | D:8      | Noticed an ice statue
  6048 | D:8      | Learned a level 2 spell: Passwall
  6053 | D:8      | Killed an ice statue
  6061 | D:8      | Gained mutation: You are partially covered in yellow scales (AC +2). [potion of mutation]
  6061 | D:8      | Gained mutation: Your flesh is heat resistant. [potion of mutation]
  6062 | D:8      | Lost mutation: You have sharp fingernails. [potion of mutation]
  6062 | D:8      | Gained mutation: You are clumsy. (Dex -2) [potion of mutation]
  6062 | D:8      | Gained mutation: You are partially covered in slimy green scales (AC +2). [potion of mutation]
  6174 | D:8      | Reached **** piety under Jiyva
  6254 | D:8      | Reached skill level 5 in Armour
  6340 | D:8      | Found a deep blue altar of Sif Muna.
  6754 | D:9      | Found a runed door.
  6755 | D:9      | Found a glowing golden altar of the Shining One.
  6755 | D:9      | Noticed an angel
  6759 | D:9      | Found a sacrificial altar of Ru.
  6785 | D:9      | Reached skill level 6 in Armour
  6865 | D:9      | Reached ***** piety under Jiyva
  6865 | D:9      | Lost mutation: You are clumsy. (Dex -2) [Jiyva's grace]
  7102 | D:9      | Reached skill level 7 in Armour
  7219 | D:9      | Reached XP level 11. HP: 37/51 MP: 14/17
  7224 | D:9      | Gained mutation: You have a pair of horns on your head. [potion of mutation]
  7224 | D:9      | Gained mutation: You are frail (-10% HP). [potion of mutation]
  7225 | D:9      | Lost mutation: You are frail (-10% HP). [Jiyva's power]
  7242 | D:9      | Lost mutation: You have a pair of horns on your head. [Jiyva's grace]
  7427 | D:9      | Lost mutation: Your magical capacity is low (-10% MP). [Jiyva's power]
  7471 | D:10     | Entered Level 10 of the Dungeon
  7533 | D:10     | Lost mutation: Your flesh is heat resistant. [Jiyva's grace]
  7669 | D:4      | Bought a cloak for 90 gold pieces
  7919 | D:4      | Gained mutation: You are resistant to electric shocks. [potion of beneficial mutation]
  8038 | D:10     | Found a staircase to the Orcish Mines.
  8040 | D:10     | Lost mutation: Your mind is acute. (Int +2) [Jiyva's grace]
  8054 | D:10     | Reached skill level 8 in Armour
  8124 | D:10     | Gained mutation: Your body is partially covered in golden eyeballs (Acc +3). [Jiyva's grace]
  8201 | D:10     | Gained mutation: Your system is resistant to poisons. [Jiyva's grace]
  8205 | D:10     | Reached ****** piety under Jiyva
  8393 | D:10     | Reached skill level 9 in Armour
  8475 | D:10     | Lost mutation: Your system is resistant to poisons. [Jiyva's grace]
  9003 | Orc:1    | Entered Level 1 of the Orcish Mines
  9108 | Orc:2    | Entered Level 2 of the Orcish Mines
  9116 | Orc:2    | Noticed Amnesiac's ghost (journeyman VSFi)
  9127 | Orc:2    | Killed Amnesiac's ghost
  9146 | Orc:2    | Noticed an orc sorcerer
  9151 | Orc:2    | Noticed a sun demon
  9155 | Orc:2    | Killed an orc sorcerer
  9384 | Orc:2    | Found a staircase to the Elven Halls.
  9392 | Orc:1    | Reached skill level 5 in Shields
  9435 | Orc:1    | Noticed an orc knight
  9476 | Orc:1    | Killed an orc knight
  9476 | Orc:1    | Gained mutation: Your rubbery body absorbs attacks (AC +1). [Jiyva's grace]
  9514 | Orc:1    | Noticed Nergalle
  9549 | Orc:1    | Killed Nergalle
  9555 | Orc:1    | Gained mutation: You have sharp toenails. [Jiyva's grace]
  9593 | Orc:1    | Noticed Harold
  9609 | Orc:1    | Killed Harold
  9614 | Orc:1    | Noticed Erolcha
  9621 | Orc:1    | Killed Erolcha
  9758 | Orc:1    | Gained mutation: You regenerate. [Vine Stalker growth]
  9758 | Orc:1    | Reached XP level 12. HP: 53/56 MP: 20/20
  9855 | Orc:1    | Gained mutation: You have sharp fingernails. [Jiyva's grace]
 10075 | Orc:1    | Gained mutation: Your body sometimes deteriorates upon taking damage. [Jiyva's grace]
 10264 | Orc:2    | Gained mutation: You are partially covered in iridescent scales (AC +4). [Jiyva's grace]
 10276 | Orc:2    | Noticed an orc high priest
 10287 | Orc:2    | Noticed a soul eater
 10288 | Orc:2    | Noticed an orc high priest
 10290 | Orc:2    | Noticed a soul eater
 10291 | Orc:2    | Killed an orc high priest
 10296 | Orc:2    | Gained mutation: You have a pair of horns on your head. [Jiyva's grace]
 10300 | Orc:2    | Noticed a soul eater
 10493 | Orc:2    | Killed an orc high priest
 10551 | Orc:2    | Reached skill level 10 in Shields
 10580 | Orc:2    | Gained mutation: Your spells are a little harder to cast, but a little more powerful. [Jiyva's grace]
 10586 | Orc:2    | Noticed an orc high priest
 10622 | Orc:2    | Killed an orc high priest
 10636 | Orc:2    | Found Ozoafia's Weapon Emporium.
 10636 | Orc:2    | Found Acefiliu's Weapon Boutique.
 10638 | Orc:2    | Found Oxamuf's Antique Weapon Boutique.
 10638 | Orc:2    | Found Ywoxit's Armour Emporium.
 10765 | Orc:2    | Gained mutation: You have a small jelly attached to you that senses nearby items. [Jiyva's grace]
 10817 | Elf:1    | Entered Level 1 of the Elven Halls
 10941 | Elf:1    | Noticed a deep elf high priest
 10956 | Elf:1    | Killed a deep elf high priest
 10956 | Elf:1    | Reached skill level 10 in Armour
 10978 | Elf:1    | Reached XP level 13. HP: 40/59 MP: 21/21
 11094 | Elf:1    | Gained mutation: Your spells are harder to cast, but more powerful. [mutagenic meat]
 11104 | Elf:1    | Lost mutation: Your body sometimes deteriorates upon taking damage. [Jiyva's power]
 11124 | Elf:1    | Reached skill level 11 in Armour
 11334 | Elf:1    | Found Ascheidd's Magic Scroll Shop.
 11338 | Elf:1    | Bought 3 scrolls of fog for 72 gold pieces
 11338 | Elf:1    | Bought a scroll of amnesia for 42 gold pieces
 11365 | Elf:1    | Gained mutation: You can translocate small distances at will. [Jiyva's grace]
 11519 | Elf:1    | Gained mutation: Your body is mostly covered in golden eyeballs (Acc +5). [Jiyva's grace]
 11743 | Elf:2    | Reached skill level 12 in Armour
 11766 | Elf:2    | Found Qesaom's Gadget Boutique.
 11790 | Elf:2    | Found a portal to a secret trove of treasure.
 11790 | Elf:2    | Gained mutation: You evolve. [Jiyva's grace]
 11791 | Elf:2    | Noticed an ice dragon
 11791 | Elf:2    | an anaconda changed into an ice dragon
 11793 | Elf:2    | an ice dragon changed into a slime creature
 11840 | Elf:2    | Gained mutation: You have a small jelly attached to you that may absorb incoming projectiles. [Jiyva's grace]
 11873 | Elf:1    | Learned a level 5 spell: Lee's Rapid Deconstruction
 11883 | Elf:1    | Lost mutation: You have a small jelly attached to you that may absorb incoming projectiles. [mutagenic meat]
 11961 | Elf:1    | Gained mutation: Your body sometimes deteriorates upon taking damage. [mutagenic glow]
 11962 | Elf:1    | Lost mutation: Your body sometimes deteriorates upon taking damage. [Jiyva's power]
 12001 | Elf:2    | Killed a deep elf sorcerer
 12058 | Elf:2    | Reached skill level 13 in Armour
 12070 | Elf:2    | Gained mutation: Your pliable body absorbs attacks (AC +1, EV +1). [Jiyva's grace]
 12140 | Elf:2    | Reached XP level 14. HP: 43/63 MP: 15/22
 12226 | Elf:2    | Gained mutation: You have razor-sharp toenails. [Jiyva's grace]
 12366 | Elf:2    | Lost mutation: You are partially covered in iridescent scales (AC +4). [mutagenic meat]
 12389 | Elf:2    | Gained mutation: You are occasionally teleported next to monsters. [mutagenic glow]
 12435 | Elf:2    | Lost mutation: You are occasionally teleported next to monsters. [Jiyva's power]
 12481 | Elf:2    | Found a runed gate.
 12482 | Elf:2    | Found a runed gate.
 12482 | Elf:2    | Found a runed gate.
 12627 | Elf:2    | Reached skill level 14 in Armour
 12702 | Elf:2    | Gained mutation: Armour fits poorly on your pseudopods. [Jiyva's grace]
 12819 | Elf:2    | Noticed a deep elf blademaster
 12981 | Elf:2    | HP: 3/66 [deep elf knight/shard of ice (3)]
 13076 | Elf:2    | Slimified a deep elf blademaster
 13076 | Elf:2    | Noticed an azure jelly
 13076 | Elf:2    | a deep elf blademaster changed into an azure jelly
 13095 | Elf:2    | Gained mutation: You have claws for feet. [Jiyva's grace]
 13129 | Elf:2    | Reached skill level 5 in Fighting
 13209 | Elf:2    | Killed an azure jelly
 13570 | Lair:1   | Entered Level 1 of the Lair of Beasts
 13668 | Lair:2   | Learned a level 1 spell: Apportation
 13670 | Lair:2   | Learned a level 1 spell: Summon Butterflies
 13858 | Lair:5   | Identified a scroll of acquirement {!r}
 13860 | Lair:5   | Identified a +2 rod of inaccuracy (12/12) (You acquired it on level 5 of the Lair of Beasts)
 14043 | Lair:6   | Lost mutation: You possess an exceptional clarity of mind. [Jiyva's grace]
 14101 | Lair:6   | Found a staircase to the Snake Pit.
 14123 | Lair:6   | Found a staircase to the Swamp.
 14463 | Lair:7   | Found a runed door.
 14484 | Lair:7   | Reached XP level 15. HP: 65/78 MP: 23/23
 14511 | Lair:7   | Lost mutation: Your spells are harder to cast, but more powerful. [Jiyva's grace]
 14756 | Lair:7   | Gained mutation: Your spells are harder to cast, but more powerful. [Jiyva's grace]
 14942 | Lair:8   | Entered Level 8 of the Lair of Beasts
 14969 | Lair:8   | Noticed Kirke
 14991 | Lair:8   | Gained mutation: You are covered in slimy tendrils that may disarm your opponents. [Jiyva's grace]
 15070 | Lair:8   | Killed Kirke
 15070 | Lair:8   | Reached skill level 10 in Fighting
 15286 | Lair:8   | Lost mutation: You are covered in slimy tendrils that may disarm your opponents. [Jiyva's grace]
 15295 | Lair:8   | Lost mutation: You are partially covered in yellow scales (AC +2). [Jiyva's grace]
 15301 | Lair:8   | Lost mutation: Your spells are harder to cast, but more powerful. [Jiyva's grace]
 15376 | Lair:8   | Gained mutation: Your system is resistant to poisons. [Jiyva's grace]
 15408 | Lair:8   | Lost mutation: Armour fits poorly on your pseudopods. [Jiyva's grace]
 15496 | Lair:8   | Lost mutation: Your system is resistant to poisons. [Jiyva's grace]
 15914 | Lair:8   | Lost mutation: You evolve. [potion of cure mutation]
 15914 | Lair:8   | Lost mutation: Your pliable body absorbs attacks (AC +1, EV +1). [potion of cure mutation]
 15914 | Lair:8   | Lost mutation: You can translocate small distances at will. [potion of cure mutation]
 15914 | Lair:8   | Lost mutation: You have a pair of horns on your head. [potion of cure mutation]
 15930 | Lair:8   | Found a viscous altar of Jiyva.
 15930 | Lair:8   | Found a staircase to the Slime Pits.
 15938 | Slime:1  | Entered Level 1 of the Pits of Slime
 15943 | Slime:1  | Noticed an acid blob
 15950 | Slime:2  | Noticed an acid blob
 15973 | Slime:4  | Noticed an azure jelly
 15992 | Slime:6  | Entered Level 6 of the Pits of Slime
 15995 | Slime:6  | Noticed an acid blob
 15999 | Slime:6  | Lost mutation: Your spells are a little harder to cast, but a little more powerful. [Jiyva's grace]
 16001 | Slime:6  | Noticed an acid blob
 16003 | Slime:6  | Found a viscous altar of Jiyva.
 16004 | Slime:6  | Noticed the Royal Jelly
 16004 | Slime:6  | Noticed an acid blob
 16007 | Slime:6  | Got a silken robe
 16007 | Slime:6  | Lost mutation: You have sharp fingernails. [Jiyva's grace]
 16012 | Slime:6  | Gained mutation: You are surrounded by a mild repulsion field (EV +2). [Jiyva's grace]
 16017 | Slime:6  | Noticed an acid blob
 16017 | Slime:6  | Gained mutation: You are agile. (Dex +2) [Jiyva's grace]
 16019 | Slime:6  | Got a clouded tin ring
 16023 | Slime:6  | Noticed an acid blob
 16025 | Slime:6  | Identified Avebefib's Disquisition on Calling and Enchantment
 16028 | Slime:6  | Got a slimy rune of Zot
 16037 | Slime:6  | Got a transparent shortbow
 16039 | Slime:6  | Got a bloodstained long sword
 16039 | Slime:6  | Killed an acid blob
 16041 | Slime:6  | Got a slimy rapier
 16044 | Slime:6  | Identified the +2 rapier of the Stork {venom, Dex+2} (You found it on level 6 of the Pits of Slime)
 16055 | Slime:6  | Noticed an acid blob
 16075 | Slime:6  | Got a blackened quarterstaff
 16192 | Slime:3  | Noticed an acid blob
 16200 | Slime:3  | Noticed an azure jelly
 16202 | Slime:2  | Noticed an azure jelly
 16273 | Slime:1  | Noticed an azure jelly
 16279 | Slime:1  | Noticed an acid blob
 16309 | Lair:8   | Identified the ring "Epipargh" {Fire -Tele Int+4 Dex+8} (You found it on level 6 of the Pits of Slime)
 16479 | Lair:5   | Lost mutation: You are agile. (Dex +2) [Jiyva's grace]
 16962 | Elf:2    | Gained mutation: Your body sometimes deteriorates upon taking damage. [Jiyva's grace]
 17196 | Elf:3    | Entered Level 3 of the Elven Halls
 17196 | Elf:3    | Noticed a deep elf sorcerer
 17207 | Elf:3    | Killed a deep elf sorcerer
 17304 | Elf:3    | Noticed a deep elf elementalist
 17306 | Elf:3    | Noticed a deep elf blademaster
 17330 | Elf:3    | Noticed an Ice Fiend
 17336 | Elf:3    | Killed from afar by an Ice Fiend

Skill      XL: |  1  2  3  4  5  6  7  8  9 10 11 12 13 14 15 |
---------------+----------------------------------------------+-----
Short Blades   | 2 3 4 5 6 8 |  8.1
Evocations     | 1 6 9 10 | 10.0
Armour         | 7 9 10 13 14 | 14.1
Shields        | 7 10 | 10.7
Fighting       | 8 12 | 12.8

Action                   |  1- 3 |  4- 6 |  7- 9 | 10-12 | 13-15 || total
-------------------------+-------+-------+-------+-------+-------++-------
Melee: Rapier            |    79 |   115 |   467 |       |       ||   661
       Bite              |    17 |    39 |   188 |   475 |   643 ||  1362
       Dagger            |       |       |   119 |   214 |       ||   333
       Headbutt          |       |       |    14 |   320 |   445 ||   779
       Short sword       |       |       |       |   929 |  1754 ||  2683
       Kick              |       |       |       |       |   500 ||   500
       Pseudopods        |       |       |       |       |   198 ||   198
Invok: Cure Bad Mutation |       |       |       |     2 |     3 ||     5
       Slimify           |       |       |       |       |     4 ||     4
 Abil: Blink             |       |       |       |       |     1 ||     1
Evoke: Wand              |       |       |       |    11 |     5 ||    16
       Rod               |       |       |       |       |     3 ||     3
       Disc of storms    |       |       |       |       |     3 ||     3
  Use: Scroll            |       |     4 |     6 |    11 |    12 ||    33
       Potion            |       |       |       |     5 |     5 ||    10
 Stab: Sleeping          |       |     1 |     2 |       |       ||     3
       Confused          |       |       |       |     5 |    13 ||    18
       Distracted        |       |       |       |     1 |     2 ||     3
       Invisible         |       |       |       |       |     2 ||     2
  Eat: Chunk             |       |     2 |    20 |     2 |    11 ||    35
Armor: Scale mail        |    31 |    19 |       |       |       ||    50
       Ring mail         |       |    11 |    60 |       |       ||    71
       Crystal plate arm |       |       |   138 |   490 |   475 ||  1103
Dodge: Dodged            |    14 |     6 |    36 |    24 |    99 ||   179
Block: Shield            |    39 |       |       |       |       ||    39
       Reflection        |     7 |       |    13 |    10 |    42 ||    72
       Large shield      |    19 |    74 |   365 |   818 |  1172 ||  2448
